| TOP OF THE 1ST |
|
Augusta GreenJackets batting - Pitching for South Bend Cubs : LHP Shane Stratton
|
|
Pitching: LHP Shane Stratton
|
|
|
Batting: LHB Chris Moody
|
0-0: Foul Ball, location: 2F 0-1: Ball 1-1: Ball 2-1: DOUBLE (Line Drive, 7LS, EV 98.8 MPH)
|
|
Batting: RHB Jonathan Reece
|
0-0: Fly out, F9 (Flyball, 9LS, EV 88.1 MPH)
|
|
Batting: LHB Mike Staley
|
0-0: Ball 1-0: Swinging Strike 1-1: Called Strike Chris Moody steals 3rd base 1-2: Foul Ball, location: 2F 1-2: Foul Ball, location: 2F 1-2: Foul Ball, location: 2F 1-2: SINGLE (Groundball, 56D, EV 98.8 MPH) Chris Moody scores
|
|
Batting: LHB Nate Conley
|
0-0: Ball 1-0: Foul Ball, location: 2F 1-1: Ball Mike Staley is caught stealing 2nd base 2-6 2-1: Ball 3-1: Foul Ball, location: 2F 3-2: Strikes out looking
|
| Top of the 1st over - 1 run, 2 hits, 0 errors, 0 left on base; Augusta 1 - South Bend 0 |
| BOTTOM OF THE 1ST |
|
South Bend Cubs batting - Pitching for Augusta GreenJackets : RHP Josh Harriston
|
|
Pitching: RHP Josh Harriston
|
|
|
Batting: LHB Jose Mojica
|
0-0: Swinging Strike 0-1: Ground out 1-3 (Groundball, 34S, EV 69.4 MPH)
|
|
Batting: LHB Bobby Adams
|
0-0: Called Strike 0-1: SINGLE (Line Drive, 9S, EV 99.4 MPH)
|
|
Batting: SHB Tim Hone
|
0-0: Called Strike 0-1: Ball 1-1: Grounds into double play, 6-4-3 (Groundball, 6, EV 90.0 MPH)
|
| Bottom of the 1st over - 0 runs, 1 hit, 0 errors, 0 left on base; Augusta 1 - South Bend 0 |
| TOP OF THE 2ND |
|
Augusta GreenJackets batting - Pitching for South Bend Cubs : LHP Shane Stratton
|
|
Batting: RHB Matt Fenimore
|
0-0: Ground out 6-3 (Groundball, 6, EV 84.4 MPH)
|
|
Batting: RHB Mike Jones
|
0-0: Ball 1-0: Foul Ball, location: 2F 1-1: Called Strike 1-2: Foul Ball, location: 2F 1-2: Fly out, F9 (Flyball, 9LM, EV 111.3 MPH)
|
|
Batting: RHB Cody Sheaffer
|
0-0: Ball 1-0: Ground out 6-3 (Groundball, 6, EV 96.9 MPH)
|
| Top of the 2nd over - 0 runs, 0 hits, 0 errors, 0 left on base; Augusta 1 - South Bend 0 |
| BOTTOM OF THE 2ND |
|
South Bend Cubs batting - Pitching for Augusta GreenJackets : RHP Josh Harriston
|
|
Batting: LHB Brian Newton
|
0-0: Ball 1-0: Ground out 1-3 (Groundball, 13S, EV 71.9 MPH)
|
|
Batting: RHB Bruce McDonald
|
0-0: Ball 1-0: Ball 2-0: Ball 3-0: Base on Balls
|
|
Batting: RHB Butch Koglin
|
0-0: Ball 1-0: Ball 2-0: Ball 3-0: Base on Balls Bruce McDonald to second
|
|
Batting: SHB Alvaro Andrade
|
0-0: Called Strike 0-1: Fielders Choice at 2nd, 4-6 (Groundball, 4, EV 103.8 MPH) Bruce McDonald to third
|
|
Batting: RHB Mario Garcia
|
0-0: Swinging Strike 0-1: Swinging Strike 0-2: Ball 1-2: TRIPLE (Flyball, 78XD, EV 98.1 MPH) Bruce McDonald scores Alvaro Andrade scores
|
|
Batting: RHB Hector Palacios
|
0-0: SINGLE (Groundball, 5D, EV 95.6 MPH) Mario Garcia scores
|
|
Batting: LHB Jose Mojica
|
0-0: Ball 1-0: Called Strike 1-1: DOUBLE (Line Drive, 9LS, EV 114.4 MPH) Hector Palacios to third Runner from 3rd tries for Home, SAFE, throw by RF to trailing runner, SAFE at third!
|
|
Batting: LHB Bobby Adams
|
0-0: Foul Ball, location: 2F 0-1: Swinging Strike 0-2: Ball 1-2: Strikes out looking
|
| Bottom of the 2nd over - 4 runs, 3 hits, 0 errors, 1 left on base; Augusta 1 - South Bend 4 |
| TOP OF THE 3RD |
|
Augusta GreenJackets batting - Pitching for South Bend Cubs : LHP Shane Stratton
|
|
Batting: RHB Ryan Johnston
|
0-0: Called Strike 0-1: Foul Ball, location: 2F 0-2: Ball 1-2: Strikes out swinging
|
|
Batting: RHB Willie Sanchez
|
0-0: Foul Ball, location: 2F 0-1: Ground out 4-3 (Groundball, 4M, EV 80.0 MPH)
|
|
Batting: LHB Chris Moody
|
0-0: Ball 1-0: SINGLE (Line Drive, 56, EV 103.1 MPH)
|
|
Batting: RHB Jonathan Reece
|
0-0: Ball 1-0: Called Strike Chris Moody is caught stealing 2nd base 2-4
|
| Top of the 3rd over - 0 runs, 1 hit, 0 errors, 0 left on base; Augusta 1 - South Bend 4 |
| BOTTOM OF THE 3RD |
|
South Bend Cubs batting - Pitching for Augusta GreenJackets : RHP Josh Harriston
|
|
Batting: SHB Tim Hone
|
0-0: Foul Ball, location: 2F 0-1: SINGLE (Flyball, 3D, EV 98.8 MPH)
|
|
Batting: LHB Brian Newton
|
0-0: Grounds into double play, 6-4-3 (Groundball, 6, EV 87.5 MPH)
|
|
Batting: RHB Bruce McDonald
|
0-0: Ball 1-0: Ground out 5-3 (Groundball, 56S, EV 82.5 MPH)
|
| Bottom of the 3rd over - 0 runs, 1 hit, 0 errors, 0 left on base; Augusta 1 - South Bend 4 |
| TOP OF THE 4TH |
|
Augusta GreenJackets batting - Pitching for South Bend Cubs : LHP Shane Stratton
|
|
Batting: RHB Jonathan Reece
|
0-0: Ball 1-0: Foul Ball, location: 2F 1-1: Ball 2-1: Fly out, F8 (Flyball, 8LD, EV 82.5 MPH)
|
|
Batting: LHB Mike Staley
|
0-0: Called Strike 0-1: Foul Ball, location: 2F 0-2: Ball 1-2: Foul Ball, location: 2F 1-2: Fly out, F9 (Line Drive, 9, EV 101.9 MPH)
|
|
Batting: LHB Nate Conley
|
0-0: Foul Ball, location: 2F 0-1: Called Strike 0-2: Ground out 6-3 (Groundball, 4, EV 79.4 MPH)
|
| Top of the 4th over - 0 runs, 0 hits, 0 errors, 0 left on base; Augusta 1 - South Bend 4 |
| BOTTOM OF THE 4TH |
|
South Bend Cubs batting - Pitching for Augusta GreenJackets : RHP Josh Harriston
|
|
Batting: RHB Butch Koglin
|
0-0: Ball 1-0: DOUBLE (Line Drive, 8RXD, EV 108.1 MPH)
|
|
Batting: SHB Alvaro Andrade
|
0-0: Called Strike 0-1: Foul Ball, location: 2F 0-2: Ball 1-2: Ground out 5-3 (Groundball, 5, EV 86.3 MPH)
|
|
Batting: RHB Mario Garcia
|
0-0: Called Strike 0-1: Ball 1-1: Ball 2-1: Foul Ball, location: 2F 2-2: Ball 3-2: Foul Ball, location: 2F 3-2: Foul Ball, location: 2F 3-2: Strikes out looking
|
|
Batting: RHB Hector Palacios
|
0-0: Called Strike 0-1: Foul Ball, location: 2F 0-2: Ball 1-2: SINGLE (Groundball, 6MD, EV 95.6 MPH) Butch Koglin to third
|
|
Batting: LHB Jose Mojica
|
0-0: Ball 1-0: Foul Ball, location: 2F 1-1: Called Strike 1-2: Foul Ball, location: 2F 1-2: Foul Ball, location: 2F 1-2: Foul Ball, location: 2F 1-2: Fielders Choice at 2nd, 6-4 (Groundball, 6, EV 83.1 MPH)
|
| Bottom of the 4th over - 0 runs, 2 hits, 0 errors, 2 left on base; Augusta 1 - South Bend 4 |
| TOP OF THE 5TH |
|
Augusta GreenJackets batting - Pitching for South Bend Cubs : LHP Shane Stratton
|
|
Batting: RHB Matt Fenimore
|
0-0: Ground out 4-3 (Groundball, 4M, EV 78.1 MPH)
|
|
Batting: RHB Mike Jones
|
0-0: Ball 1-0: Called Strike 1-1: Ball 2-1: Ground out 6-3 (Groundball, 6, EV 95.6 MPH)
|
|
Batting: RHB Cody Sheaffer
|
0-0: Called Strike 0-1: Ball 1-1: Called Strike 1-2: Ground out 5-3 (Groundball, 5L, EV 101.3 MPH)
|
| Top of the 5th over - 0 runs, 0 hits, 0 errors, 0 left on base; Augusta 1 - South Bend 4 |
| BOTTOM OF THE 5TH |
|
South Bend Cubs batting - Pitching for Augusta GreenJackets : RHP Josh Harriston
|
|
Batting: LHB Bobby Adams
|
0-0: Ball 1-0: Foul Ball, location: 2F 1-1: Ground out 3-1 (Groundball, 34S, EV 65.6 MPH)
|
|
Batting: SHB Tim Hone
|
0-0: Ball 1-0: Called Strike 1-1: Ball 2-1: Called Strike 2-2: Ground out U3 (Groundball, 3, EV 98.8 MPH)
|
|
Batting: LHB Brian Newton
|
0-0: Fly out, F1 (Line Drive, P, EV 74.4 MPH)
|
| Bottom of the 5th over - 0 runs, 0 hits, 0 errors, 0 left on base; Augusta 1 - South Bend 4 |
| TOP OF THE 6TH |
|
Augusta GreenJackets batting - Pitching for South Bend Cubs : LHP Shane Stratton
|
|
Batting: RHB Ryan Johnston
|
0-0: Ball 1-0: Called Strike 1-1: Called Strike 1-2: Strikes out looking
|
|
Batting: RHB Willie Sanchez
|
0-0: Foul Ball, location: 2F 0-1: Ball 1-1: Foul Ball, location: 2F 1-2: Ground out 6-3 (Groundball, 6, EV 93.1 MPH)
|
|
Batting: LHB Chris Moody
|
0-0: Ball 1-0: Foul Ball, location: 2F 1-1: Foul Ball, location: 2F 1-2: Foul Ball, location: 2F 1-2: Foul Ball, location: 2F 1-2: Fly out, F8 (Flyball, 78M, EV 86.3 MPH)
|
| Top of the 6th over - 0 runs, 0 hits, 0 errors, 0 left on base; Augusta 1 - South Bend 4 |
| BOTTOM OF THE 6TH |
|
South Bend Cubs batting - Pitching for Augusta GreenJackets : RHP Josh Harriston
|
|
Batting: RHB Bruce McDonald
|
0-0: Ball 1-0: Foul Ball, location: 2F 1-1: Ball 2-1: Called Strike 2-2: Ground out 5-3 (Groundball, 5, EV 96.9 MPH)
|
|
Batting: RHB Butch Koglin
|
0-0: Ball 1-0: Ball 2-0: Ball 3-0: Base on Balls
|
|
Batting: SHB Alvaro Andrade
|
0-0: Ball 1-0: Ball 2-0: Ball 3-0: Base on Balls Butch Koglin to second
|
|
Batting: RHB Mario Garcia
|
0-0: Ball 1-0: Foul Ball, location: 2F 1-1: Ball 2-1: Ball 3-1: Foul Ball, location: 2F 3-2: Fielders Choice at 2nd, 4-6 (Groundball, 4, EV 90.0 MPH) Butch Koglin to third
|
|
Batting: RHB Hector Palacios
|
0-0: Foul Ball, location: 2F 0-1: Ball 1-1: Ball 2-1: Foul Ball, location: 2F 2-2: DOUBLE (Groundball, 3L, EV 106.9 MPH) Butch Koglin scores Mario Garcia to third
|
|
Pitching: LHP Jose Frias
|
|
|
Batting: LHB Jose Mojica
|
0-0: Ball 1-0: Ball 2-0: Called Strike 2-1: Called Strike 2-2: Foul Ball, location: 2F 2-2: Strikes out looking
|
| Bottom of the 6th over - 1 run, 1 hit, 0 errors, 2 left on base; Augusta 1 - South Bend 5 |
| TOP OF THE 7TH |
|
Augusta GreenJackets batting - Pitching for South Bend Cubs : LHP Shane Stratton
|
|
Batting: RHB Jonathan Reece
|
0-0: Ball 1-0: Called Strike 1-1: Ball 2-1: Ball 3-1: Called Strike 3-2: Base on Balls
|
|
Batting: LHB Mike Staley
|
0-0: DOUBLE (Line Drive, 9LS, EV 89.4 MPH) Jonathan Reece to third
|
|
Batting: LHB Nate Conley
|
0-0: Ball 1-0: Fly out, F7 (Flyball, 7LS, EV 80.0 MPH)
|
|
Batting: RHB Matt Fenimore
|
0-0: Ball 1-0: Foul Ball, location: 2F 1-1: Ball 2-1: Ball 3-1: Swinging Strike 3-2: Foul Ball, location: 2F 3-2: 3-RUN HOME RUN (Flyball, 78XD, EV 115.6 MPH), Distance : 445 ft
|
|
Pitching: RHP Austin Trzcinski
|
|
|
Batting: RHB Mike Jones
|
0-0: Fly out, F9 (Flyball, 9S, EV 96.9 MPH)
|
|
Batting: RHB Cody Sheaffer
|
0-0: Foul Ball, location: 2F 0-1: SINGLE (Groundball, 4MD, EV 101.9 MPH)
|
|
Batting: RHB Ryan Johnston
|
0-0: Ball 1-0: DOUBLE (Line Drive, 9LD, EV 108.8 MPH) Cody Sheaffer to third Runner from 3rd tries for Home, SAFE, no throw by RF
|
|
Batting: RHB Willie Sanchez
|
0-0: Ball 1-0: Foul Ball, location: 2F 1-1: Foul Ball, location: 2F 1-2: Strikes out swinging
|
| Top of the 7th over - 4 runs, 4 hits, 0 errors, 1 left on base; Augusta 5 - South Bend 5 |
| BOTTOM OF THE 7TH |
|
South Bend Cubs batting - Pitching for Augusta GreenJackets : LHP Jose Frias
|
|
Batting: LHB Bobby Adams
|
0-0: Foul Ball, location: 2F 0-1: Swinging Strike 0-2: Strikes out looking
|
|
Batting: SHB Tim Hone
|
0-0: Ball 1-0: Foul Ball, location: 2F 1-1: SINGLE (Line Drive, 9S, EV 98.1 MPH)
|
|
Batting: LHB Brian Newton
|
0-0: SINGLE (Groundball, 4, EV 93.8 MPH) Tim Hone to second Throwing error, E8 Tim Hone scores Brian Newton to second
|
|
Batting: RHB Bruce McDonald
|
0-0: Fly out, F8 (Flyball, 8RD, EV 86.3 MPH)
|
|
Batting: RHB Butch Koglin
|
0-0: Called Strike 0-1: Ball 1-1: Called Strike 1-2: Ball 2-2: Foul Ball, location: 2F 2-2: Ball Wild Pitch! Brian Newton to third 3-2: Base on Balls
|
|
Batting: SHB Alvaro Andrade
|
0-0: Swinging Strike 0-1: Called Strike 0-2: Ball 1-2: Fielders Choice at 2nd, 5-4 (Groundball, 5L, EV 87.5 MPH)
|
| Bottom of the 7th over - 1 run, 2 hits, 1 error, 2 left on base; Augusta 5 - South Bend 6 |
| TOP OF THE 8TH |
|
Augusta GreenJackets batting - Pitching for South Bend Cubs : RHP Austin Trzcinski
|
|
Batting: LHB Chris Moody
|
0-0: Ball 1-0: Ball 2-0: Called Strike 2-1: Ball 3-1: Base on Balls
|
|
Pitching: RHP Mark Vogt
|
|
|
Batting: RHB Jonathan Reece
|
0-0: Called Strike 0-1: Ball 1-1: Called Strike Chris Moody steals 2nd base 1-2: Foul Ball, location: 2F 1-2: Ball 2-2: Ball 3-2: Strikes out looking
|
|
Batting: LHB Mike Staley
|
0-0: Ball 1-0: Swinging Strike 1-1: Foul Ball, location: 2F 1-2: Ball 2-2: TRIPLE (Line Drive, 89XD, EV 107.5 MPH) Chris Moody scores
|
|
Batting: LHB Nate Conley
|
0-0: Intentional Walk
|
|
Batting: RHB Matt Fenimore
|
0-0: Ball 1-0: Ball 2-0: Foul Ball, location: 2F 2-1: Ground out 6-3 (Groundball, 56D, EV 104.4 MPH) Mike Staley scores Nate Conley to second
|
|
Batting: RHB Mike Jones
|
0-0: Ball 1-0: Reached via error on a dropped throw from 2B, E3 (Groundball, 4, EV 88.1 MPH) Nate Conley to third
|
|
Batting: LHB Victor Ferrermena
|
0-0: Ball 1-0: Ball 2-0: Foul Ball, location: 2F 2-1: DOUBLE (Line Drive, 9LS, EV 100.0 MPH) Nate Conley scores Mike Jones to third Runner from 3rd tries for Home, SAFE, throw by RF to home
|
|
Pitching: RHP Josh Morrie
|
|
|
Batting: RHB Ryan Johnston
|
0-0: Called Strike 0-1: Fly out, F8 (Line Drive, 8LM, EV 101.9 MPH)
|
| Top of the 8th over - 4 runs, 2 hits, 1 error, 1 left on base; Augusta 9 - South Bend 6 |
| BOTTOM OF THE 8TH |
|
South Bend Cubs batting - Pitching for Augusta GreenJackets : LHP Jose Frias
|
|
Pitching: LHP Lothar Klasen
|
|
|
Batting: RHB Mario Garcia
|
0-0: Ball 1-0: Called Strike 1-1: Ball 2-1: Foul Ball, location: 2F 2-2: Ball 3-2: Strikes out swinging
|
|
Batting: RHB Hector Palacios
|
0-0: Ball 1-0: Called Strike 1-1: TRIPLE (Line Drive, 78XD, EV 98.8 MPH)
|
|
Batting: LHB Jose Mojica
|
0-0: Ball 1-0: DOUBLE (Line Drive, 7LM, EV 103.1 MPH) Hector Palacios scores
|
|
Batting: LHB Bobby Adams
|
0-0: Foul Ball, location: 2F 0-1: Fly out, F5 (Line Drive, 5, EV 65.0 MPH)
|
|
Batting: SHB Tim Hone
|
0-0: Called Strike 0-1: Ball 1-1: Ball 2-1: Ball 3-1: Base on Balls
|
|
Batting: LHB Brian Newton
|
0-0: Ground out U3 (Groundball, 23, EV 83.1 MPH)
|
| Bottom of the 8th over - 1 run, 2 hits, 0 errors, 2 left on base; Augusta 9 - South Bend 7 |
| TOP OF THE 9TH |
|
Augusta GreenJackets batting - Pitching for South Bend Cubs : RHP Josh Morrie
|
|
Batting: RHB Willie Sanchez
|
0-0: Called Strike 0-1: Foul Ball, location: 2F 0-2: Ball 1-2: Ball 2-2: Ball 3-2: Foul Ball, location: 2F 3-2: Strikes out looking
|
|
Batting: LHB Chris Moody
|
0-0: Ground out 4-3 (Groundball, 34, EV 86.3 MPH)
|
|
Batting: RHB Jonathan Reece
|
0-0: Ball 1-0: Ball 2-0: Ball 3-0: Called Strike 3-1: Foul Ball, location: 2F 3-2: SINGLE (Groundball, 25, EV 70.6 MPH) (infield hit)
|
|
Batting: LHB Mike Staley
|
0-0: Called Strike Jonathan Reece steals 2nd base 0-1: Ball 1-1: Ball 2-1: Fly out, F9 (Flyball, 9LS, EV 88.8 MPH)
|
| Top of the 9th over - 0 runs, 1 hit, 0 errors, 1 left on base; Augusta 9 - South Bend 7 |
| BOTTOM OF THE 9TH |
|
South Bend Cubs batting - Pitching for Augusta GreenJackets : LHP Lothar Klasen
|
|
Pitching: RHP Mike Richards
|
|
|
Batting: RHB Bruce McDonald
|
0-0: Ball 1-0: Foul Ball, location: 2F 1-1: Ball 2-1: Foul Ball, location: 2F 2-2: Ground out 4-3 (Groundball, 4, EV 86.9 MPH)
|
|
Batting: RHB Butch Koglin
|
0-0: Called Strike 0-1: Fly out, F4 (Popup, 34, EV 66.3 MPH)
|
|
Batting: SHB Alvaro Andrade
|
0-0: Swinging Strike 0-1: Called Strike 0-2: Strikes out swinging
|
| Bottom of the 9th over - 0 runs, 0 hits, 0 errors, 0 left on base; Augusta 9 - South Bend 7 |
|